 Dungeon Crawl Stone Soup version 0.20-a0-2-g2b0e13a (webtiles) character file.

886 tsouns the Skirmisher (level 8, -13/64 HPs)
             Began as a Formicid Monk on Oct 28, 2016.
             Was a Priest of Makhleb.
             Mangled by an ogre
             ... wielding a +0 giant club
              (17 damage)
             ... on level 6 of the Dungeon.
             The game lasted 00:14:48 (5233 turns).

tsouns the Skirmisher (Formicid Monk)               Turns: 5233, Time: 00:14:49

Health: -13/64     AC: 11    Str: 18    XL:     8   Next: 26%
Magic:  10/10      EV:  6    Int: 10    God:    Makhleb [***...]
Gold:   191        SH:  9    Dex: 13    Spells: 0 memorised, 7 levels left

rFire  . . .     SeeInvis +     a - +1 falchion
rCold  . . .     Gourm    .     g - +0 chain mail
rNeg   . . .     Faith    .     h - +0 shield
rPois  .         Spirit   .     (helmet unavailable)
rElec  .         Reflect  .     r - +0 cloak
rCorr  .         Harm     .     (no gloves)
MR     .....                    n - +0 pair of boots
Stlth  ..........               (no amulet)
                                (no ring)
                                (no ring)

@: no status effects
A: permanent stasis, dig shafts and tunnels, four strong arms, antennae 3
a: Dig, Shaft Self, Minor Destruction, Lesser Servant of Makhleb, Renounce
Religion


You were on level 6 of the Dungeon.
You worshipped Makhleb.
Makhleb was most pleased with you.
You were not hungry.

You visited 1 branch of the dungeon, and saw 6 of its levels.

You collected 191 gold pieces.

Inventory:

Hand Weapons
 a - a +1 falchion (weapon)
Armour
 b - a +0 robe
 g - a +0 chain mail (worn)
 h - a +0 shield (worn)
 n - a +0 pair of boots (worn)
 r - a +0 cloak (worn)
Wands
 j - a wand of confusion (48/48)
 u - a wand of lightning (4/15)
 v - a wand of teleportation (1/9)
 x - a wand of digging (20/24)
 z - a wand of random effects (28/48)
 A - a wand of iceblast (10/15)
Scrolls
 c - a scroll of recharging
 e - a scroll of amnesia
 k - 2 scrolls of teleportation
 l - 2 scrolls of enchant weapon
 p - 2 scrolls of blinking
 y - 2 scrolls of remove curse
Potions
 d - a potion of invisibility
 f - 3 potions of agility
 i - 3 potions of curing
 o - a potion of flight {unknown}
 q - 2 potions of cancellation {unknown}
 s - a potion of degeneration {unknown}
 w - a potion of resistance {unknown}
Comestibles
 m - a meat ration
 B - 2 bread rations


   Skills:
 + Level 5.9 Fighting
 + Level 5.5 Long Blades
 + Level 3.7 Armour
 - Level 2.6 Dodging
 - Level 2.4 Stealth
 + Level 4.4 Shields
 + Level 3.0 Invocations


You had 7 spell levels left.
You didn't know any spells.

Dungeon Overview and Level Annotations

Branches:
Dungeon (6/15)             Temple (0/1) D:4

Altars:
Cheibriados
Dithmenos
Makhleb
Okawaru
Uskayaw
Zin


Innate Abilities, Weirdness & Mutations

You are under a permanent stasis effect.
You can dig through walls and to a lower floor.
Your four strong arms can wield two-handed weapons with a shield.
You have a pair of large antennae on your head. (SInv)


Message History

You hit the ogre but do no damage.
The ogre is moderately wounded.
You hit the ogre.
The ogre is heavily wounded.
The ogre hits you with a giant club!!
You are too injured to fight recklessly!
You are too injured to fight recklessly!
You are too injured to fight recklessly!
You hit the ogre but do no damage.
The ogre is heavily wounded.
The ogre hits you with a giant club!
* * * LOW HITPOINT WARNING * * *
You hit the ogre but do no damage.
The ogre is heavily wounded.
The ogre hits you with a giant club!
* * * LOW HITPOINT WARNING * * *
You slash the ogre!
The ogre is almost dead.
The ogre hits you with a giant club!
You die...

***,,,,,,*,,* #.# *,,,,,,,,*
,,,,,,,,,**,* #.# *,,,***+**
,,,,,,,,,**,* #.# *,,,* *,*
,,,,,,,,,**,** #.#
*******+** ,,,,,,,,,**{,*
#.# *,,,,,,* ,,,*,,,,,**#.*
#.# *,,,,,,* ****,,,,,*
#.**#.# *,,,,,,*
*,,,,,###..*#.# ***,,,,,,*
******,*.....*#@# *,,,,,*,**
*,,,**,*......#O# *,,,,,*,*
**,,,*,,,......#.#
*,,,,,*+**
,,,,,+,,,........#
*,,,,,,,,,
**,,,*,,,######..#
*********, *****,,,* #..#
**,,******,
*,,,*****#..#*****,,8*,,≈,*,
*,,,**,,,..>[,,,,,,_,+,,≈>**
******,,.....*****,,8*,,≈,*


You could see an ogre.

Vanquished Creatures
  An ice beast (D:6)
  2 ogres
  A centaur (D:5)
  A scorpion (D:5)
  A crimson imp (D:5)
  A quasit (D:6)
  Crazy Yiuf (D:3)
  A hound (D:4)
  2 bullfrog skeletons (D:6)
  2 iguanas (D:4)
  2 worker ants (D:4)
  Robin (D:4)
  5 adders
  A shadow imp (D:5)
  An ooze (D:4)
  An adder skeleton (D:5)
  3 worms
  A dart slug (D:1)
  5 leopard geckos
  3 orcs (D:4)
  9 bats
  10 giant cockroaches
  12 hobgoblins
  3 jackals (D:6)
  3 quokkas
  A ball python (D:4)
  A ball python skeleton (D:4)
  16 frilled lizards
  28 goblins
  3 kobolds
  2 quokka skeletons (D:4)
  7 rats
131 creatures vanquished.

Notes
Turn   | Place    | Note
-------+----------+-------------------------------------------
     0 | D:1      | tsouns the Formicid Monk began the quest for the Orb.
     0 | D:1      | Reached XP level 1. HP: 18/18 MP: 1/1
   159 | D:1      | Reached XP level 2. HP: 22/24 MP: 2/2
   324 | D:1      | Reached XP level 3. HP: 30/30 MP: 3/3
  1021 | D:2      | Reached XP level 4. HP: 36/38 MP: 4/4
  1315 | D:2      | Found a burning altar of Makhleb.
  1329 | D:2      | Became a worshipper of Makhleb the Destroyer
  1329 | D:2      | Reached * piety under Makhleb
  1329 | D:2      | Reached ** piety under Makhleb
  1812 | D:3      | Reached XP level 5. HP: 42/43 MP: 5/5
  1862 | D:3      | Reached skill level 1 in Shields
  2288 | D:3      | Found a runed door.
  2356 | D:3      | Noticed Crazy Yiuf
  2370 | D:3      | HP: 2/43 [poisoned by Crazy Yiuf]
  2371 | D:3      | Killed Crazy Yiuf
  2371 | D:3      | Reached skill level 1 in Armour
  2696 | D:4      | Found a staircase to the Ecumenical Temple.
  2910 | D:4      | Found a shadowy altar of Dithmenos.
  2910 | D:4      | Noticed an ogre
  2919 | D:4      | HP: 2/43 [ogre/giant spiked club (17)]
  3328 | D:4      | Found a hide-covered altar of Uskayaw.
  3367 | D:4      | Reached XP level 6. HP: 37/49 MP: 6/6
  3411 | D:4      | Killed an ogre
  3583 | D:4      | Found a faded altar of an unknown god.
  3583 | D:4      | Found a glowing silver altar of Zin.
  3588 | D:4      | Found a faded altar of an unknown god.
  3590 | D:4      | Found a faded altar of an unknown god.
  3591 | D:4      | Found a faded altar of an unknown god.
  4082 | D:4      | Reached skill level 5 in Fighting
  4228 | D:4      | Noticed Robin
  4257 | D:4      | Reached XP level 7. HP: 56/56 MP: 7/7
  4267 | D:4      | Killed Robin
  4272 | D:4      | Reached *** piety under Makhleb
  4280 | D:4      | Reached skill level 1 in Invocations
  4393 | D:4      | Reached skill level 5 in Long Blades
  4526 | D:5      | Entered Level 5 of the Dungeon
  5074 | D:6      | Found an iron altar of Okawaru.
  5074 | D:6      | Found a snail-covered altar of Cheibriados.
  5115 | D:6      | Reached XP level 8. HP: 60/64 MP: 9/9
  5232 | D:6      | HP: 3/64 [ogre/giant club (12)]
  5233 | D:6      | Mangled by an ogre

Vault maps used:
D:1:      wheals_arrival_linesprint, kennysheep_doodads, minmay_lizard_king
D:2:      old_standard_altar
D:3:      uniq_crazy_yiuf_cottage
D:4:      kennysheep_the_goblin_king, chequers_temple_overflow_minitemple,
          overflow_temple_1_default, nicolae_dithmenos_the_darkroom, uniq_robin
D:5:      first_bread
D:6:      kennysheep_little_box, led_sif_book, vehumet_altar_wand_db,
          chequers_temple_overflow_statue_of_worship, enter_ossuary_5

Skill      XL: |  1  2  3  4  5  6  7  8 |
---------------+-------------------------+-----
Fighting       | 4 5 |  5.9
Long Blades    | 4 5 |  5.5
Shields        | 2 3 4 |  4.4
Armour         | 1 2 3 |  3.7
Invocations    | 2 3 |  3.0
Dodging        | |  2.6
Stealth        | |  2.4

Action                   |  1- 3 |  4- 6 |  7- 9 || total
-------------------------+-------+-------+-------++-------
Melee: Falchion          |   169 |   333 |   216 ||   718
Invok: Minor Destruction |       |     3 |       ||     3
Evoke: Wand              |       |     2 |       ||     2
  Use: Scroll            |       |     9 |     2 ||    11
       Potion            |       |     1 |       ||     1
 Stab: Sleeping          |     3 |       |       ||     3
       Confused          |       |     2 |       ||     2
  Eat: Chunk             |     1 |     8 |     1 ||    10
       Fruit             |       |     1 |       ||     1
       Bread ration      |       |     1 |       ||     1
Armor: Chain mail        |    70 |   140 |    97 ||   307
       Robe              |     2 |       |       ||     2
Dodge: Dodged            |    36 |    66 |    56 ||   158
Block: Shield            |    49 |   124 |    97 ||   270
       Rpst.: Falchion   |    10 |    24 |    17 ||    51
